 Dungeon Crawl Stone Soup version 0.24-a0-201-gf205589 (webtiles) character file.

Game seed: 17698917900078499378

52 Borgoz the Cutter (level 4, 0/27 HPs)
             Began as a Kobold Gladiator on Mar 24, 2019.
             Slain by a goblin
             ... wielding a +0 club
              (3 damage)
             ... on level 2 of the Dungeon.
             The game lasted 00:05:13 (2683 turns).

Borgoz the Cutter (Kobold Gladiator)                Turns: 2683, Time: 00:05:13

Health: 0/27       AC:  6    Str: 12    XL:     4   Next: 8%
Magic:  5/5        EV: 16    Int:  9    God:
Gold:   83         SH:  0    Dex: 16    Spells: 4/4 levels left

rFire    + . .     SeeInvis .   j - -2 dagger (curse)
rCold    . . .     Gourm    .   (shield restricted)
rNeg     . . .     Faith    .   i - +2 leather armour {rF+}
rPois    .         Spirit   .   c - +0 helmet
rElec    .         Reflect  .   (no cloak)
rCorr    .         Harm     .   (no gloves)
MR       .....                  (no boots)
Stlth    ++........             (no amulet)
HPRegen  0.09/turn              (no ring)
MPRegen  0.09/turn              (no ring)

@: no status effects
A: small, carnivore
a: no special abilities


You were on level 2 of the Dungeon.
You were completely stuffed.

You visited 1 branch of the dungeon, and saw 2 of its levels.

You collected 83 gold pieces.

Inventory:

Hand Weapons
 a - a +0 rapier
 j - a cursed -2 dagger (weapon)
Missiles
 d - a throwing net (quivered)
 k - 8 tomahawks
 l - 46 bolts
Armour
 c - a +0 helmet (worn)
 i - a +2 leather armour of fire resistance (worn)
Jewellery
 h - a cursed ring of attention {unknown}
 p - an uncursed amulet of magic regeneration {unknown}
 t - a cursed ring of attention {unknown}
Scrolls
 m - a scroll of fear
Potions
 b - 2 potions of mutation {unknown}
 e - 2 potions of magic {unknown}
 g - a potion of cancellation {unknown}
 o - a potion of heal wounds {unknown}
 q - a potion of brilliance {unknown}
 r - a potion of resistance {unknown}
 s - a potion of might {unknown}
Comestibles
 f - 6 rations
 n - a chunk of flesh


   Skills:
 + Level 2.4 Fighting
 * Level 4.5 Short Blades
 + Level 2.5 Throwing
 * Level 1.0 Armour
 + Level 3.8 Dodging
 * Level 1.9 Stealth
 + Level 0.8 Spellcasting


You had 4 spell levels left.
You didn't know any spells.
Your spell library was empty.

Dungeon Overview and Level Annotations

Branches:
Dungeon (2/15)

Altars:


Innate Abilities, Weirdness & Mutations

You are small and have problems with some larger weapons.
You are carnivorous and can eat meat at any time.


Message History

Quiver which item? (- for none, * to show all) (? for menu, Esc to quit)
That's the wrong kind of item! (Use * to select it.) Quiver which item? (- for none, * to show all) (? for menu, Esc to quit)
Okay, then.
Throwing (i - inventory. (/) - cycle)
d - 3 throwing nets (quivered)
Press: ? - help, Shift-Dir - straight line, f - goblin
Aim: a goblin, wielding a +0 club You throw a throwing net.
The throwing net closely misses the goblin.
The throwing net completely misses the worm.
Throwing (i - inventory. (/) - cycle)
d - 2 throwing nets (quivered)
Press: ? - help, Shift-Dir - straight line, f/p - goblin
Aim: a goblin, wielding a +0 club You throw a throwing net.
The throwing net barely misses the goblin.
The throwing net hits the worm.
The worm is caught in the net!
The worm is lightly wounded.
The goblin closely misses you.
You closely miss the goblin. The goblin hits you with a +0 club.
You die...

###...................#
.......#.#.###.#(.###.#
.......#.#........# #.#
.......#.#####.#..# #.#
.......#.# #.#..###.#
.......#.# #.#w.....##
.......#.# ###.........#
.......#.###....g..###########
.......#...###.#@............#
..).....##.###.#.<.#########.#
........##.........####### #.#
..#####.###..............# #.#
..# #.# #..............###.#
..# #(# #...............##.#
..#####.###...............##.#
..........................##.#
..#######.#..................#


You could see a worm (caught) and a goblin.

Vanquished Creatures
  An ooze (D:1)
  A leopard gecko (D:1)
  5 bats
  A giant cockroach (D:2)
  6 goblins
  3 hobgoblins
  4 jackals (D:1)
  11 kobolds
  A quokka (D:2)
  3 ball pythons
  2 frilled lizards (D:2)
  6 rats
44 creatures vanquished.

Notes
Turn   | Place    | Note
-------+----------+-------------------------------------------
     0 | D:1      | Borgoz the Kobold Gladiator began the quest for the Orb.
     0 | D:1      | Reached XP level 1. HP: 12/12 MP: 1/1
   185 | D:1      | Reached XP level 2. HP: 11/17 MP: 2/2
   498 | D:1      | Reached skill level 1 in Stealth
   936 | D:1      | Reached XP level 3. HP: 22/22 MP: 3/3
  2257 | D:2      | Reached skill level 1 in Armour
  2479 | D:2      | Reached XP level 4. HP: 24/27 MP: 5/5
  2683 | D:2      | Slain by a goblin

Levels and vault maps discovered:
D:1:      sevenhm_arrival_forest_fort_small_6, layout_basic
D:2:      layout_basic, minmay_heptomino_w4

Skill      XL: |  1  2  3 |
---------------+----------+-----
Stealth        | 1 |  1.9
Armour         | 1 |  1.0
Fighting       | |  2.4
Short Blades   | |  4.5
Throwing       | |  2.5
Dodging        | |  3.8
Spellcasting   | |  0.8

Action                   |  1- 3 |  4- 6 || total
-------------------------+-------+-------++-------
Melee: Rapier            |    39 |       ||    39
       Dagger            |   237 |    64 ||   301
Throw: Throwing net      |       |     2 ||     2
  Use: Scroll            |     1 |     2 ||     3
       Potion            |     1 |       ||     1
 Stab: Sleeping          |     5 |       ||     5
  Eat: Chunk             |    14 |       ||    14
Armor: Leather armour    |    41 |    10 ||    51
       Skin              |    30 |       ||    30
Dodge: Dodged            |   199 |    43 ||   242

Table legend:
 A = Non-vault XP
 B = Vault XP
 C = Vault XP percentage of total XP
 D = Non-vault monster count
 E = Vault monster count
 F = Vault count percentage of total count
                 A         B        C        D         E       F
            +---------+---------+-------+---------+---------+-------
      Total |      68 |       7 |   9.3 |      39 |       5 |  11.4
            +---------+---------+-------+---------+---------+-------
        D:1 |      48 |       0 |   0.0 |      24 |       0 |   0.0
        D:2 |      20 |       7 |  25.9 |      15 |       5 |  25.0
            +---------+---------+-------+---------+---------+-------
